 Dungeon Crawl Stone Soup version 0.31-a0-232-gb1c03b2570 (webtiles) character file.

Game seed: 315027416214521458

46 qw the Shooter (level 3, -1/21 HPs)
             Began as a Gargoyle Hexslinger on July 7, 2023.
             Slain by Terence
             ... wielding a +1 hand axe of venom
              (3 damage)
             ... on level 2 of the Dungeon.
             The game lasted 00:00:34 (1412 turns).

qw the Shooter (Gargoyle Hexslinger)                Turns: 1412, Time: 00:00:34

Health: -1/21      AC:  8    Str: 11    XL:     3   Next: 66%
Magic:  4/4        EV: 10    Int: 13    God:
Gold:   62         SH:  0    Dex: 14    Spells: 3/4 levels left

rFire   . . .        Y - +1 sling
rCold   . . .        (no shield)
rNeg    + . .        l - +0 ring mail
rPois   inf          (no helmet)
rElec   +            (no cloak)
rCorr   .            (no gloves)
SInv    .            (no boots)
Will    .....        n - amulet of faith
Stlth   +            (no ring)
HPRegen 0.23/turn    (no ring)
MPRegen 0.09/turn

%: faith
@: no status effects
A: sickness immunity, AC +3, negative energy resistance 1, electricity
resistance, torment resistance 1, petrification resistance
a: no special abilities


You were on level 2 of the Dungeon.
You visited 1 branch of the dungeon, and saw 2 of its levels.

You collected 62 gold pieces.


Innate Abilities, Weirdness & Mutations

You are immune to sickness and miasma.
Your stone body is resilient. (AC +3)
You are immune to poison.
You resist negative energy. (rN+)
You are resistant to electric shocks. (rElec)
You are resistant to unholy torment.
You are immune to petrification.


   Skills:
 - Level 2.0 Fighting
 + Level 3.5 Ranged Weapons
 - Level 1.5 Dodging
 - Level 1.0 Spellcasting
 - Level 2.6 Hexes


You had 3 spell levels left.
You knew the following spells:

 Your Spells              Type           Power      Damage    Failure   Level
a - Slow                  Hex            28%        N/A       22%         1

Your spell library contained the following spells:

 Spells                   Type           Power      Damage    Failure   Level
 Inner Flame              Hex/Fire       4%         N/A       75%         3
 Portal Projectile        Hex/Tloc       8%         N/A       75%         3
 Cause Fear               Hex            3%         N/A       92%         4

Inventory:

Hand Weapons
 Y - a +1 sling (weapon)
Armour
 b - the +5 ring mail "Wohiexto" {rC+ MP-9 Dex+7}
   (You found it on level 2 of the Dungeon)

   Dex:       It affects your dexterity (+7).
   rC:        It protects you from cold.
   MP:        It affects your magic capacity (-9).
 l - a +0 ring mail (worn)
Jewellery
 n - an amulet of faith (around neck)
Scrolls
 a - a scroll of identify
 c - a scroll of blinking {unknown}
Potions
 e - a potion of brilliance {unknown}
 j - 2 potions of curing
 m - a potion of cancellation {unknown}

Dungeon Overview and Level Annotations

Branches:
Dungeon (2/15)

Altars:

Annotations:
D:2 Terence


Message History

You shoot a sling bullet.
The sling bullet hits Terence but does no damage.
Terence is severely wounded.
Terence hits you but does no damage.
You shoot a sling bullet. The sling bullet barely misses Terence.
Terence shouts, "ATTACK!!!"
Terence closely misses you.
You shoot a sling bullet.
The sling bullet hits Terence but does no damage.
Terence is severely wounded.
Terence closely misses you. Terence barely misses you.
You shoot a sling bullet.
The sling bullet closely misses Terence.
Terence hits you with a +1 hand axe of venom.
You shoot a sling bullet.
The sling bullet hits Terence but does no damage.
Terence is severely wounded.
Terence hits you with a +1 hand axe of venom.
You shoot a sling bullet.
The sling bullet closely misses Terence.
Terence barely misses you.
Terence hits you with a +1 hand axe of venom.
You shoot a sling bullet.
The sling bullet hits Terence but does no damage.
Terence is severely wounded.
Terence completely misses you.
You shoot a sling bullet.
The sling bullet hits Terence but does no damage.
Terence is severely wounded.
Terence hits you with a +1 hand axe of venom.
You shoot a sling bullet.
The sling bullet hits Terence but does no damage.
Terence is severely wounded.
Terence hits you with a +1 hand axe of venom. x2
You shoot a sling bullet. The sling bullet barely misses Terence.
Terence closely misses you.
You shoot a sling bullet. The sling bullet hits Terence.
Terence is almost dead.
Terence hits you with a +1 hand axe of venom.
You die...

######################
......@@.......#.....#
#####.####.....#.###.#
#. #.........#.# #.
#.....#.#.#.### #
#.....#.......#
#######.#.###.# #...#
#.# #.### #.# #.# #.#


You could see Terence.

Vanquished Creatures
  A dart slug (D:2)
  5 ball pythons
  An endoplasm (D:1)
  3 giant cockroaches (D:1)
  3 hobgoblins
  9 jackals (D:1)
  4 kobolds
  2 quokkas
  2 bats (D:1)
  2 frilled lizards (D:1)
  A goblin (D:1)
  4 rats (D:1)
37 creatures vanquished.

Notes
Turn   | Place    | Note
-------+----------+-------------------------------------------
     0 | D:1      | qw the Gargoyle Hexslinger began the quest for the Orb.
     0 | D:1      | Reached XP level 1. HP: 12/12 MP: 2/2
     0 | D:1      | 0 ||| qw: Version: 0.3-a-46-gb1f654a
     0 | D:1      | 0 ||| qw: Game counter: 2762
     0 | D:1      | 0 ||| qw: Melee chars always use a shield: true
     0 | D:1      | 0 ||| qw: God list: Okawaru
     0 | D:1      | 0 ||| qw: Allow faded altars: false
     0 | D:1      | 0 ||| qw: Do Orc after clearing Dungeon:15 true
     0 | D:1      | 0 ||| qw: Do second Lair branch before Depths: true
     0 | D:1      | 0 ||| qw: Lair rune preference: random
     0 | D:1      | 0 ||| qw: Goals: Normal
     0 | D:1      | 0 ||| PLANNING D:1-11
   181 | D:1      | Reached XP level 2. HP: 16/16 MP: 3/3
   320 | D:1      | Reached skill level 3 in Ranged Weapons
   573 | D:1      | Reached XP level 3. HP: 15/21 MP: 4/4
   592 | D:1      | HP: 5/21 [jackal (2)]
   835 | D:1      | 835 ||| UPGRADING to +0 leather armour.
   845 | D:1      | 845 ||| DROPPING +0 robe.
   846 | D:1      | 846 ||| UPGRADING to +0 ring mail.
   856 | D:1      | 856 ||| DROPPING +0 leather armour.
   857 | D:1      | 857 ||| UPGRADING to amulet of guardian spirit.
   862 | D:1      | 862 ||| UPGRADING to amulet of faith.
   872 | D:1      | 872 ||| DROPPING amulet of guardian spirit.
   873 | D:1      | 873 ||| READING 2 scrolls labelled DIOCLU SOVU.
   874 | D:1      | 874 ||| READING scroll labelled ZYTWAO YPUOGU.
   875 | D:1      | 875 ||| READING scroll labelled YJOGIUT GUECS.
   876 | D:1      | 876 ||| READING scroll labelled NAON DUSSAT.
   977 | D:1      | 977 ||| DRINKING 3 coppery potions.
   978 | D:1      | 978 ||| DROPPING scroll of poison.
  1028 | D:2      | Identified the +5 ring mail "Wohiexto" {rC+ MP-9 Dex+7}
  1301 | D:2      | Found a faded altar of an unknown god.
  1392 | D:2      | Noticed Terence
  1410 | D:2      | HP: 4/21 [Terence/+1 hand axe of venom (3)]
  1410 | D:2      | HP: 1/21 [Terence/+1 hand axe of venom (3)]
  1412 | D:2      | Slain by Terence

Levels and vault maps discovered:
D:1:      dpeg_arrival_rooms_c, layout_basic, serial_park_tiny_1
D:2:      layout_loops_corners, shapermc_ecumenical_altar_notcrosses,
          uniq_terence

Skill      XL: |  1  2 |
---------------+-------+-----
Ranged Weapons | 3 |  3.5
Fighting       | 2 |  2.0
Dodging        | |  1.5
Spellcasting   | |  1.0
Hexes          | |  2.6

Action                     || total
---------------------------++-------
   Fire: Sling             ||   146
    Use: Scroll            ||     4
         Potion            ||     1
 Armour: Robe              ||    46
         Ring mail         ||     6
  Dodge: Dodged            ||    91

Table legend:
 A = Non-vault XP
 B = Vault XP
 C = Vault XP percentage of total XP
 D = Non-vault monster count
 E = Vault monster count
 F = Vault count percentage of total count
                 A         B        C        D         E       F
            +---------+---------+-------+---------+---------+-------
      Total |      66 |       0 |   0.0 |      37 |       0 |   0.0
            +---------+---------+-------+---------+---------+-------
        D:1 |      53 |       0 |   0.0 |      31 |       0 |   0.0
        D:2 |      13 |       0 |   0.0 |       6 |       0 |   0.0
            +---------+---------+-------+---------+---------+-------
